 Dungeon Crawl Stone Soup version 0.29.1-12-g30fa7ad0bf (webtiles) character file.

Game seed: 6737747362611561600

90 booth the Insei (level 4, 0/34 HPs)
             Began as a Gnoll Transmuter on Dec 18, 2022.
             Slain by a gnoll
             ... wielding a +0 spear
              (4 damage)
             ... on level 2 of the Dungeon.
             The game lasted 00:18:19 (1436 turns).

booth the Insei (Gnoll Transmuter)                  Turns: 1436, Time: 00:18:20

Health: 0/34       AC:  5    Str: 11    XL:     4   Next: 56%
Magic:  9/11       EV: 14    Int: 13    God:
Gold:   86         SH:  0    Dex: 18    Spells: 3/13 levels left

rFire   . . .      SeeInvis .     - Unarmed
rCold   . . .      Faith    .   (no shield)
rNeg    . . .      Spirit   .   m - +1 robe of Bilig {Stlth+}
rPois   .          Reflect  .   (helmet currently unavailable)
rElec   .          Harm     .   g - +0 cloak
rCorr   .          Rampage  .   j - +0 pair of gloves
Will    .....                   (boots currently unavailable)
Stlth   +++.......              (no amulet)
HPRegen 0.11/turn               c - +6 ring of dexterity
MPRegen 0.12/turn               (no ring)

@: appendages, wereblooded
A: horns 2, talons 2, fangs 1, strong nose, distributed training
a: End Transformation


You were on level 2 of the Dungeon.
You had temporarily grown beastly horns and talons.
You visited 1 branch of the dungeon, and saw 2 of its levels.

You collected 86 gold pieces.

Inventory:

Hand Weapons
 l - a +0 hand axe
Armour
 d - a +0 leather armour
 g - a +0 cloak (worn)
 i - a +0 pair of boots (melded)
 j - a +0 pair of gloves (worn)
 m - the +1 robe of Bilig (worn) {Stlth+}
   (You found it on level 2 of the Dungeon)

   Stlth:     It makes you more stealthy.
Magical Staves
 h - a staff of earth
Jewellery
 c - a +6 ring of dexterity (left hand)
Scrolls
 e - a scroll of enchant weapon {unknown}
 f - a scroll of butterflies {unknown}
 k - a scroll of vulnerability {unknown}
 n - a scroll of enchant armour {unknown}
Potions
 a - 2 potions of flight {unknown}
 b - a potion of lignification


   Skills:
 + Level 2.8 Fighting
 + Level 1.2 Short Blades
 + Level 1.2 Long Blades
 + Level 1.2 Axes
 + Level 1.2 Maces & Flails
 + Level 1.2 Polearms
 + Level 1.2 Staves
 + Level 1.2 Ranged Weapons
 + Level 1.2 Throwing
 + Level 1.2 Armour
 + Level 4.7 Dodging
 + Level 1.2 Stealth
 + Level 1.2 Shields
 + Level 6.6 Unarmed Combat
 + Level 5.1 Spellcasting
 + Level 1.0 Conjurations
 + Level 1.0 Hexes
 + Level 1.0 Summonings
 + Level 1.0 Necromancy
 + Level 1.0 Translocations
 + Level 3.9 Transmutations
 + Level 1.0 Fire Magic
 + Level 1.0 Ice Magic
 + Level 1.0 Air Magic
 + Level 1.0 Earth Magic
 + Level 1.0 Poison Magic
 + Level 1.3 Invocations
 + Level 1.2 Evocations


You had 3 spell levels left.
You knew the following spells:

 Your Spells              Type           Power      Damage    Failure   Level
a - Beastly Appendage     Tmut           26%        N/A       3%          1
b - Wereblood             Tmut           13%        N/A       5%          2
c - Spider Form           Tmut/Pois      9%         N/A       21%         3
d - Ice Form              Ice/Tmut       9%         N/A       56%         4

Your spell library contained the following spells:

 Spells                   Type           Power      Damage    Failure   Level
 Ozocubu's Armour         Ice            5%         N/A       36%         3
 Metabolic Englaciation   Hex/Ice        2%         N/A       98%         5
 Simulacrum               Ice/Necr       2%         N/A       100%        6


Dungeon Overview and Level Annotations

Branches:
Dungeon (2/15)

Altars:


Innate Abilities, Weirdness & Mutations

You have temporarily grown beastly horns and talons.
You have very sharp teeth.
Your uncanny sense of smell can sniff out nearby items.
Your experience applies equally to all skills.


Message History

Casting: Beastly Appendage (safe; 3% risk of failure)
Confirm with . or Enter, or press ? or * to list all spells.
Your blood is infused with primal strength.
The gnoll barely misses you. The gnoll hits you with a +0 halberd!
The gnoll shouts!
You hit the gnoll but do no damage. Your headbutt misses the gnoll.
You punch the gnoll.
The gnoll is lightly wounded.
You hear a shout!
The gnoll closely misses you.
A gnoll comes into view. It is wielding a +0 spear.
You punch the gnoll! You headbutt the gnoll.
You bite the gnoll, but do no damage.
The gnoll is severely wounded.
Your horns disappear.
Your talons disappear.
Your +0 pair of boots unmelds from your body.
The gnoll completely misses you.
You punch the gnoll!
You feel a bit better.
You kill the gnoll!
The gnoll hits you from afar with a +0 spear.
Things that are here:
a +0 halberd; a gnoll corpse The gnoll closely misses you.
The gnoll misses you.
You barely miss the gnoll. The gnoll hits you with a +0 spear.
The gnoll closely misses you.
You completely miss the gnoll. You bite the gnoll.
The gnoll is lightly wounded.
The gnoll hits you with a +0 spear.
* * * LOW HITPOINT WARNING * * *
The gnoll closely misses you.
Casting: Wereblood (safe; 5% risk of failure)
Confirm with . or Enter, or press ? or * to list all spells.
You grow a pair of large bovine horns.
Your feet morph into talons.
Your +0 pair of boots melds into your body.
The gnoll hits you with a +0 spear.
* * * LOW HITPOINT WARNING * * *
The gnoll barely misses you.
The gnoll hits you from afar with a +0 spear.
You die...

# ............# ##
###########)# .##
#.#
#.##############.###
#......##..........#
#.####.##)######.#.#
.#####.##.# #.#.#
....##....# #.# #
###. ###### #@# #
#.# # #g# # .# .g.
###r# #.... #.... ∆
#..... ..... #......
[.... #.....#. .....
##.####..


You could see 2 gnolls.

Vanquished Creatures
  2 gnolls (D:2)
  An adder (D:2)
  2 worms (D:2)
  A dart slug (D:1)
  2 bats
  11 endoplasms
  4 giant cockroaches
  4 goblins
  5 hobgoblins
  4 kobolds
  7 ball pythons
  A frilled lizard (D:2)
  4 rats
48 creatures vanquished.

Notes
Turn   | Place    | Note
-------+----------+-------------------------------------------
     0 | D:1      | booth the Gnoll Transmuter began the quest for the Orb.
     0 | D:1      | Reached XP level 1. HP: 17/17 MP: 6/6
   105 | D:1      | Reached XP level 2. HP: 15/23 MP: 7/7
   380 | D:1      | Learned a level 2 spell: Wereblood
   609 | D:1      | Reached skill level 5 in Spellcasting
   609 | D:1      | Reached XP level 3. HP: 28/28 MP: 6/9
   876 | D:2      | Reached skill level 1 in Invocations
   983 | D:2      | Reached skill level 1 in Short Blades
   983 | D:2      | Reached skill level 1 in Long Blades
   983 | D:2      | Reached skill level 1 in Axes
   983 | D:2      | Reached skill level 1 in Maces & Flails
   983 | D:2      | Reached skill level 1 in Polearms
   983 | D:2      | Reached skill level 1 in Staves
   983 | D:2      | Reached skill level 1 in Ranged Weapons
   983 | D:2      | Reached skill level 1 in Throwing
   983 | D:2      | Reached skill level 1 in Armour
   983 | D:2      | Reached skill level 1 in Stealth
   983 | D:2      | Reached skill level 1 in Shields
   983 | D:2      | Reached skill level 1 in Evocations
  1231 | D:2      | Identified the +1 robe of Bilig {Stlth+}
  1237 | D:2      | Reached XP level 4. HP: 34/34 MP: 9/11
  1241 | D:2      | Learned a level 3 spell: Spider Form
  1246 | D:2      | Learned a level 4 spell: Ice Form
  1425 | D:2      | Reached skill level 1 in Conjurations
  1425 | D:2      | Reached skill level 1 in Hexes
  1425 | D:2      | Reached skill level 1 in Summonings
  1425 | D:2      | Reached skill level 1 in Necromancy
  1425 | D:2      | Reached skill level 1 in Translocations
  1425 | D:2      | Reached skill level 1 in Fire Magic
  1425 | D:2      | Reached skill level 1 in Ice Magic
  1425 | D:2      | Reached skill level 1 in Air Magic
  1425 | D:2      | Reached skill level 1 in Earth Magic
  1425 | D:2      | Reached skill level 1 in Poison Magic
  1436 | D:2      | Slain by a gnoll

Illustrated notes

Levels and vault maps discovered:
D:1:      beargit_arrival_greenhouse, layout_loops_ring
D:2:      minmay_diamond_boxcup, layout_loops_ring, serial_park_tiny_2

Skill      XL: |  1  2  3  4 |
---------------+-------------+-----
Spellcasting   | 5 |  5.1
Invocations    | 1 |  1.3
Short Blades   | 1 |  1.2
Long Blades    | 1 |  1.2
Axes           | 1 |  1.2
Maces & Flails | 1 |  1.2
Polearms       | 1 |  1.2
Staves         | 1 |  1.2
Ranged Weapons | 1 |  1.2
Throwing       | 1 |  1.2
Armour         | 1 |  1.2
Stealth        | 1 |  1.2
Shields        | 1 |  1.2
Evocations     | 1 |  1.2
Conjurations   | 1 |  1.0
Hexes          | 1 |  1.0
Summonings     | 1 |  1.0
Necromancy     | 1 |  1.0
Translocations | 1 |  1.0
Fire Magic     | 1 |  1.0
Ice Magic      | 1 |  1.0
Air Magic      | 1 |  1.0
Earth Magic    | 1 |  1.0
Poison Magic   | 1 |  1.0
Fighting       | |  2.8
Dodging        | |  4.7
Unarmed Combat | |  6.6
Transmutations | |  3.9

Action                   |  1- 3 |  4- 6 || total
-------------------------+-------+-------++-------
Melee: Unarmed           |    75 |    22 ||    97
       Bite              |     8 |     5 ||    13
       Kick              |    16 |     4 ||    20
       Headbutt          |     9 |     4 ||    13
       Punch             |     2 |     2 ||     4
 Cast: Beastly Appendage |    21 |     5 ||    26
       Wereblood         |       |     1 ||     1
Armor: Robe              |    14 |     1 ||    15
Dodge: Dodged            |    46 |    16 ||    62
